 Dungeon Crawl Stone Soup version 0.24.1-14-gf8d2b509d9 (webtiles) character file.

Game seed: 11728730864843265421, levelgen mode: deterministic

3110 Bodigarde the Artisan of Death (level 9, -22/66 HPs)
             Began as a Mummy Necromancer on May 19, 2020.
             Was a Priest of Kikubaaqudgha.
             Annihilated by Edmund
             ... wielding a +7 flail of holy wrath
              (30 damage)
             ... on level 4 of the Dungeon.
             The game lasted 00:55:29 (14051 turns).

Bodigarde the Artisan of Death (Mummy Necromancer) Turns: 14051, Time: 00:55:33

Health: -22/66     AC:  3    Str: 12    XL:     9   Next: 60%
Magic:  10/19      EV: 14    Int: 17    God:    Kikubaaqudgha [***...]
Gold:   489        SH:  4    Dex: 12    Spells: 6/22 levels left

rFire    . . .     SeeInvis .   k - +1 dagger (elec)
rCold    + . .     Gourm    .   (no shield)
rNeg     + + +     Faith    .   a - +0 robe
rPois    ∞         Spirit   .   (no helmet)
rElec    .         Reflect  +   t - scarf {repulsion}
rCorr    +         Harm     .   (no gloves)
MR       +....                  o - +0 pair of boots
Stlth    ++........             q - +4 amulet of reflection
HPRegen  0.21/turn              f - ring of resist corrosion
MPRegen  0.16/turn              y - ring of protection from fire

@: repel missiles
A: no food or potions, fire vulnerability, cold resistance 1, negative energy
resistance 3, torment resistance, unbreathing
a: Receive Corpses, Renounce Religion


You were on level 4 of the Dungeon.
You worshipped Kikubaaqudgha.
Kikubaaqudgha was most pleased with you.
You were not hungry.

You visited 2 branches of the dungeon, and saw 9 of its levels.

You collected 489 gold pieces.

Inventory:

Hand Weapons
 e - the +10 flail of Light {flame, -Tele rC- MR+++ Stlth+}
   (You found it on level 6 of the Dungeon)

   It has been specially enchanted to burn those struck by it, causing extra
   injury to most foes and up to half again as much damage against particularly
   susceptible opponents.
   It makes you vulnerable to cold.
   It affects your resistance to hostile enchantments.
   It prevents most forms of teleportation.
   It makes you more stealthy.
 k - a +1 dagger of electrocution (weapon)
 r - the +3 dagger "Toirira" {drain, rElec Str+2 Int-3}
   (You found it on level 4 of the Dungeon)

   A truly terrible weapon, it drains the life of those it strikes.
   It affects your strength (+2).
   It affects your intelligence (-3).
   It insulates you from electricity.
 v - a +2 whip of draining
Missiles
 c - 159 stones
 i - 2 throwing nets
 j - 40 poisoned darts
 p - 16 boomerangs (quivered)
Armour
 a - a +0 robe (worn)
 o - a +0 pair of boots (worn)
 t - a scarf of repulsion (worn)
Jewellery
 f - a ring of resist corrosion (left hand)
 q - a +4 amulet of reflection (around neck)
 s - a +3 ring of strength
 y - a ring of protection from fire (right hand)
Wands
 u - a wand of acid (6)
 x - a wand of scattershot (5)
 z - a wand of paralysis (5)
Scrolls
 b - 2 scrolls of enchant armour
 d - 7 scrolls of remove curse
 g - 7 scrolls of teleportation
 h - 3 scrolls of blinking
 l - a scroll of fear
 m - 2 scrolls of immolation
 n - 4 scrolls of random uselessness {unknown}
 w - a scroll of amnesia {unknown}
 A - a scroll of fog {unknown}


   Skills:
 - Level 4.4 Fighting
 - Level 4.4 Short Blades
 + Level 3.2 Maces & Flails
 - Level 4.1 Dodging
 - Level 1.5 Stealth
 + Level 7.0 Spellcasting
 * Level 8.8 Necromancy


You had 6 spell levels left.
You knew the following spells:

 Your Spells              Type           Power        Failure   Level  Hunger
a - Pain                  Necr           ####         1%          1    N/A
b - Animate Skeleton      Necr           N/A          1%          1    N/A
c - Vampiric Draining     Necr           #####.....   1%          3    N/A
d - Animate Dead          Necr           N/A          3%          4    N/A
e - Corpse Rot            Necr           N/A          1%          2    N/A
f - Dispel Undead         Necr           #####...     9%          5    N/A

Your spell library contained the following spells:

 Spells                   Type           Power        Failure   Level  Hunger
 Magic Dart               Conj           #...         12%         1    N/A
 Searing Ray              Conj           #.....       17%         2    N/A
 Dazzling Spray           Conj/Hex       #.....       34%         3    N/A
 Bolt of Draining         Conj/Necr      ###.......   45%         5    N/A
 Borgnjor's Vile Clutch   Necr/Erth      ###.......   45%         5    N/A
 Excruciating Wounds      Chrm/Necr      ###.......   45%         5    N/A
 Force Lance              Conj/Tloc      #.......     75%         4    N/A
 Fulminant Prism          Conj/Hex       #.........   75%         4    N/A
 Iskenderun's Mystic Bla  Conj           #.......     75%         4    N/A
 Simulacrum               Ice/Necr       ###.......   96%         6    N/A
 Regeneration             Chrm/Necr      Unusable     N/A         3    N/A

Dungeon Overview and Level Annotations

Branches:
Dungeon (8/15)             Temple (1/1) D:4
   Lair: D:8-11

Altars:
Cheibriados
Dithmenos
Elyvilon
Fedhas
Gozag
Hepliaklqana
Kikubaaqudgha
Makhleb
Nemelex Xobeh
Okawaru
Qazlal
Trog
Vehumet
Xom
Yredelemnul
Zin
The Shining One

Annotations:
D:4 Edmund
D:5 2 transporters, kalodont's ghost, novice KoEn


Innate Abilities, Weirdness & Mutations

You do not eat or drink.
Your flesh is vulnerable to fire.
You are immune to poison.
Your flesh is cold resistant. (rC+)
You are immune to negative energy. (rN+++)
You are immune to unholy pain and torment.
You can survive without breathing.


Message History

Casting: Pain (safe; 1% risk of failure)
Confirm with . or Enter, or press ? or * to list all spells.
Aiming: Pain (safe; 1% risk of failure)
Press: ? - help, Shift-Dir - straight line, f/p - Edmund
Aim: Edmund, wielding a +7 flail of holy wrath and wearing a +0 scale mail (heavily wounded, chance to defeat MR: 84%) Edmund writhes in agony.
Edmund hits you with a +7 flail of holy wrath!
You convulse!
Casting: Pain (safe; 1% risk of failure)
Confirm with . or Enter, or press ? or * to list all spells.
Aiming: Vampiric Draining (safe; 1% risk of failure)
Press: ? - help, Shift-Dir - straight line, f/p - Edmund
Aim: Edmund, wielding a +7 flail of holy wrath and wearing a +0 scale mail (heavily wounded) Edmund is heavily wounded.
You feel life coursing into your body.
Edmund hits you with a +7 flail of holy wrath!!
* * * LOW HITPOINT WARNING * * *
You convulse!!
You die...
Kikubaaqudgha rasps: "You have failed me!
Welcome... oblivion!"

*,******* *,*
***********,,,,,,.#
*,*
,,,,<,,,,,,,*****.#
*,* *************
*.# *,* ##.##***,*
#...,,,,,*
##########
#..#******
#........# ##..#
#.######.# #.@.#
#.#≈≈≈≈#.# #.@##
#)#≈≈≈≈#.# #..#
#.#≈.≈≈#.## #..#
..#≈≈≈≈#..# #..#
..#≈≈≈≈'..#####..#
..######..[......#
#.....)...######.#
###.#######****#)#


You could see Edmund.

Vanquished Creatures
  A hog (D:6)
  Menkaure (D:5)
  Duvessa (D:4)
  A phantom (D:6)
  An orc warrior (D:6)
  A sky beast (D:7)
  2 ogres
  A centaur (D:5)
  4 bullfrogs
  Dowan (D:4)
  2 scorpions (D:6)
  2 howler monkeys
  4 jellies
  3 crimson imps
  A bullfrog zombie (D:8)
  4 hounds
  9 orc wizards
  2 bullfrog skeletons
  9 orc priests
  A gnoll shaman (D:5)
  Jessica (D:3)
  5 iguanas
  2 worker ants
  A hound skeleton (D:7)
  7 gnolls
  2 river rats (D:4)
  11 adders
  A shadow imp (D:6)
  A white imp (D:3)
  3 oozes
  3 dart slugs
  3 worms
  12 leopard geckos
  45 orcs
  6 giant cockroaches
  6 goblins
  5 hobgoblins
  9 jackals
  8 kobolds
  4 quokkas
  4 ball pythons
  7 bats
  6 frilled lizards
  A goblin skeleton (D:4)
  A goblin zombie (D:4)
  4 hobgoblin zombies (D:4)
  A kobold skeleton (D:4)
  A kobold zombie (D:4)
  2 leopard gecko skeletons
  2 orc skeletons (D:4)
  2 orc zombies (D:4)
  5 rats
222 creatures vanquished.

Vanquished Creatures (collateral kills)
  A centaur (D:8)
  A bullfrog (D:7)
  An orc wizard (D:6)
  A gnoll (D:5)
  A worm (D:2)
  3 orcs
  A jackal (D:8)
  An orc zombie (D:4)
  A rat (D:3)
11 creatures vanquished.

Vanquished Creatures (others)
  An ogre (D:4)
  A scorpion (D:4)
  A howler monkey (D:4)
  A hound (D:4)
  5 plants (D:6)
9 creatures vanquished.

Grand Total: 242 creatures vanquished

Notes
Turn   | Place    | Note
-------+----------+-------------------------------------------
     0 | D:1      | Bodigarde the Mummy Necromancer began the quest for the
                  | Orb.
     0 | D:1      | Reached XP level 1. HP: 13/13 MP: 4/4
     2 | D:1      | Learned a level 1 spell: Animate Skeleton
   713 | D:1      | Reached XP level 2. HP: 19/19 MP: 3/6
  1119 | D:2      | Reached XP level 3. HP: 23/24 MP: 4/7
  1124 | D:2      | Learned a level 3 spell: Vampiric Draining
  1723 | D:2      | Reached skill level 5 in Necromancy
  2368 | D:3      | Noticed Jessica
  2391 | D:3      | Killed Jessica
  2391 | D:3      | Reached XP level 4. HP: 30/30 MP: 3/9
  2406 | D:3      | Learned a level 4 spell: Animate Dead
  3050 | D:3      | Reached XP level 5. HP: 35/35 MP: 6/11
  3364 | D:3      | Reached skill level 6 in Necromancy
  4427 | D:4      | Killed an ogre
  4449 | D:4      | Found a glowing golden altar of the Shining One.
  4474 | D:3      | HP: 1/35 [white imp (2)]
  4841 | D:3      | Reached XP level 6. HP: 15/41 MP: 9/13
  5144 | D:4      | Noticed Dowan
  5145 | D:4      | Noticed Duvessa
  5163 | D:4      | Found a staircase to the Ecumenical Temple.
  5180 | Temple   | Entered the Ecumenical Temple
  5264 | Temple   | Became a worshipper of Kikubaaqudgha
  5518 | D:4      | Found a shimmering altar of Xom.
  5586 | D:4      | Reached skill level 1 in Short Blades
  5586 | D:4      | Reached skill level 5 in Spellcasting
  5769 | D:4      | Found a snail-covered altar of Cheibriados.
  5903 | D:4      | Got a brightly glowing dagger
  5953 | D:4      | Identified the +3 dagger "Toirira" {drain, rElec Str+2
                  | Int-3} (You found it on level 4 of the Dungeon)
  6056 | D:4      | Reached skill level 1 in Fighting
  6058 | D:4      | Reached * piety under Kikubaaqudgha
  6058 | D:4      | Identified Kikubaaqudgha's Grimoire of Stolen Souls
                  | (Kikubaaqudgha gifted it to you on level 4 of the Dungeon)
  6058 | D:4      | Received a gift from Kikubaaqudgha
  6072 | D:4      | Learned a level 2 spell: Corpse Rot
  6682 | D:4      | Found a bloodstained altar of Trog.
  6682 | D:4      | Noticed Edmund
  6880 | D:5      | Entered Level 5 of the Dungeon
  6880 | D:5      | Noticed Menkaure
  6985 | D:5      | Reached XP level 7. HP: 43/48 MP: 14/14
  7273 | D:5      | Reached skill level 7 in Necromancy
  7773 | D:5      | Found a transporter.
  7780 | D:5      | Killed Menkaure
  7781 | D:5      | Noticed kalodont's ghost (novice KoEn)
  8102 | D:5      | Found a shadowy altar of Dithmenos.
  8139 | D:5      | Found a transporter.
  8482 | D:5      | Found a sparkling altar of Nemelex Xobeh.
  8786 | D:6      | Reached XP level 8. HP: 53/57 MP: 13/16
  9216 | D:6      | Reached ** piety under Kikubaaqudgha
  9771 | D:6      | Got an ichor-stained flail
  9772 | D:6      | Identified the +10 flail of Light {flame, -Tele rC- MR+++
                  | Stlth+} (You found it on level 6 of the Dungeon)
 10059 | D:6      | Reached skill level 1 in Maces & Flails
 11075 | D:6      | Reached XP level 9. HP: 66/66 MP: 9/17
 11262 | D:7      | Found a white marble altar of Elyvilon.
 11272 | D:7      | Reached *** piety under Kikubaaqudgha
 11272 | D:7      | Identified Kikubaaqudgha's Disquisition on Unholy Magic
                  | (Kikubaaqudgha gifted it to you on level 7 of the Dungeon)
 11272 | D:7      | Received a gift from Kikubaaqudgha
 11280 | D:7      | Learned a level 5 spell: Dispel Undead
 11723 | D:7      | Found an iron altar of Okawaru.
 11984 | D:7      | Reached skill level 8 in Necromancy
 12483 | D:7      | Found a shimmering altar of Xom.
 12484 | D:7      | Found a hazy altar of Hepliaklqana.
 12485 | D:7      | Noticed a spectral ugly thing
 13515 | D:8      | Noticed a purple ugly thing
 13691 | D:4      | Found a burning altar of Makhleb.
 13880 | D:4      | Killed Duvessa
 13891 | D:4      | Killed Dowan
 14051 | D:4      | Annihilated by Edmund

Levels and vault maps discovered:
D:1:      wander_arrival_estate, layout_loops_corners, serial_bayou_pond_e,
          minmay_small_reverse_x
D:2:      layout_basic, first_ration
D:3:      minmay_spotlight, layout_basic, uniq_jessica
D:4:      layout_loops_ring, nicolae_tso_besieged_by_evil, cheibriados_altar_1,
          amethyst_overflow_temple_binary, minmay_temple_entry_large_hall,
          portal_sewer_entry_c, xom_confusion_cloud, uniq_edmund, uniq_duvessa
D:5:      layout_rooms, lemuel_coloured_pillars_altar, nemelex_altar_shiori,
          gammafunk_ghost_mausoleum, uniq_menkaure
D:6:      layout_basic, minmay_lizard_king
D:7:      layout_layer_cave, regret_index_temple_of_mockery, elyvilon_altar_1,
          nicolae_overflow_crystal_walls, grunt_ministairs_6, grunt_livestock
D:8:      minmay_the_grid_octo_triangle [minmay_the_grid_octo_chip,
          minmay_the_grid_octo_prize_single_spiral, minmay_the_grid_octo_horde],
          layout_basic
Temple:   compressed_dpeg_triangle_lava_temple

Skill      XL: |  1  2  3  4  5  6  7  8  9 |
---------------+----------------------------+-----
Spellcasting   | 3 4 5 7 |  7.0
Necromancy     | 5 6 7 8 |  8.8
Short Blades   | 1 3 4 |  4.4
Fighting       | 1 2 4 |  4.4
Dodging        | 2 4 |  4.1
Maces & Flails | 2 3 |  3.2
Stealth        | |  1.5

Action                   |  1- 3 |  4- 6 |  7- 9 || total
-------------------------+-------+-------+-------++-------
Melee: Unarmed           |     2 |       |       ||     2
       Dagger            |       |    77 |    67 ||   144
       Flail             |       |       |     6 ||     6
Throw: Boomerang         |       |    12 |     4 ||    16
       Stone             |       |     2 |       ||     2
 Cast: Pain              |    78 |   166 |   350 ||   594
       Animate Skeleton  |     6 |     5 |       ||    11
       Animate Dead      |       |    18 |    32 ||    50
       Corpse Rot        |       |       |     3 ||     3
       Dispel Undead     |       |       |     3 ||     3
       Vampiric Draining |       |       |     1 ||     1
  Use: Scroll            |       |     3 |     4 ||     7
 Stab: Sleeping          |       |     1 |       ||     1
Armor: Robe              |     6 |    20 |    19 ||    45
Dodge: Dodged            |    25 |    50 |   100 ||   175
Block: Other             |       |       |    32 ||    32
       Reflection        |       |       |     3 ||     3
